 Dungeon Crawl Stone Soup version 0.16.1-11-g651b585 (webtiles) character file.

42 Magnus the Charmwright (level 3, 0/28 HPs)
             Began as a Demonspawn Skald on Apr 1, 2015.
             Slain by a hound (4 damage)
             ... on level 3 of the Dungeon.
             The game lasted 00:13:28 (2106 turns).

Magnus the Charmwright (Demonspawn Skald)           Turns: 2106, Time: 00:13:28

Health: 0/28       AC:  3    Str: 13    XL:     3   Next: 33%
Magic:  5/6        EV: 11    Int: 16    God:
Gold:   82         SH:  0    Dex: 18    Spells: 2 memorised, 4 levels left

rFire  . . .     SeeInvis .     a - +1 falchion
rCold  . . .     Clarity  .     b - +0 leather armour
rNeg   . . .     SustAb   .     (no shield)
rPois  .         Gourm    .     (no helmet)
rElec  .         Spirit   .     (no cloak)
rCorr  .         Warding  .     (no gloves)
rMut   .         Stasis   .     (no boots)
MR     .....                    (no amulet)
Stlth  +.........               k - +6 ring of dexterity
                                e - +3 ring of intelligence

@: infused, not resistant to hostile enchantments, very unstealthy
A: powered by pain 1
a: no special abilities


You were on level 3 of the Dungeon.
You were not hungry.

You visited 1 branch of the dungeon, and saw 3 of its levels.

You collected 82 gold pieces.

Inventory:

Hand weapons
 a - a +1 falchion (weapon)
 j - a cursed -1 hand axe
 r - a +0 flail
Armour
 b - a +0 leather armour (worn)
Jewellery
 e - a +3 ring of intelligence (left hand)
 k - a +6 ring of dexterity (right hand)
Scrolls
 h - 3 scrolls of identify
 q - a scroll of noise {unknown}
 s - a scroll of enchant armour {unknown}
Potions
 l - a potion of might
 o - 2 potions of restore abilities {unknown}
Books
 c - a book of Battle

   Spells                             Type                      Level
   a - Infusion                       Charms                       1
   b - Shroud of Golubria             Charms/Translocation         2
   c - Song of Slaying                Charms                       2
   d - Spectral Weapon                Hexes/Charms                 3
   e - Regeneration                   Charms/Necromancy            3
Comestibles
 d - a bread ration
 g - a beef jerky
 i - a fruit
 n - a chunk of flesh
 p - a meat ration


   Skills:
 + Level 2.3 Fighting
 + Level 2.2 Long Blades
 - Level 0.8 Armour
 + Level 1.1 Dodging
 + Level 2.5 Spellcasting
 + Level 3.1 Charms


You had 4 spell levels left.
You knew the following spells:

 Your Spells              Type           Power        Failure   Level  Hunger
a - Infusion              Chrm           ##....       10%         1    #......
b - Song of Slaying       Chrm           ##......     12%         2    ##.....


Dungeon Overview and Level Annotations

Branches:
Dungeon (3/15)

Altars:

Annotations:
D:3 Ryushun's ghost, average HOWn


Innate Abilities, Weirdness & Mutations

You sometimes gain a little power by taking damage.


Message History

Casting: Infusion
Confirm with . or Enter, or press ? or * to list all spells.
You begin infusing your attacks with magical energy.
The hound closely misses you. The hound bites you.
You closely miss the hound.
The hound is heavily wounded.
The hound bites you.
* * * LOW HITPOINT WARNING * * *
You closely miss the hound.
The hound is heavily wounded.
The hound misses you. The hound bites you but does no damage.
You barely miss the hound.
The hound is heavily wounded.
The hound bites you.
* * * LOW HITPOINT WARNING * * *
The hound closely misses you.
You closely miss the hound.
The hound is heavily wounded.
The hound closely misses you. The hound bites you.
You die...

#.........#
##.#####.....#
#.. ##...##
#.# ##.## #.#
#.# #h# #.#
#.# #.#
##.########.#
#..h@.......#
#..##########
#..# #>.# #...
#.## #. .. ##


You could see a hound.

Vanquished Creatures
  6 giant geckos
  8 bats
  7 goblins
  5 hobgoblins
  A quokka (D:2)
  A ball python (D:2)
  A giant newt (D:1)
  4 kobolds
  3 rats
36 creatures vanquished.

Vanquished Creatures (others)
  A rat (D:1)
1 creature vanquished.

Grand Total: 37 creatures vanquished

Notes
Turn   | Place    | Note
--------------------------------------------------------------
     0 | D:1      | Magnus, the Demonspawn Skald, began the quest for the Orb.
     0 | D:1      | Reached XP level 1. HP: 16/16 MP: 3/3
   213 | D:1      | Gained mutation: You sometimes gain a little power by taking damage. [demonic ancestry]
   213 | D:1      | Reached XP level 2. HP: 22/22 MP: 4/4
   636 | D:1      | Reached skill level 1 in Dodging
   753 | D:1      | Reached skill level 3 in Charms
  1283 | D:1      | Learned a level 2 spell: Song of Slaying
  1448 | D:2      | Reached XP level 3. HP: 12/27 MP: 6/6
  1865 | D:3      | Noticed Ryushun's ghost (average HOWn)
  2106 | D:3      | Slain by a hound

Action                   || total
-------------------------++-------
Melee: Falchion          ||   127
 Cast: Infusion          ||     2
  Use: Scroll            ||     6
       Potion            ||     3
  Eat: Chunk             ||     4
